AoeStats
← JoNaThAn11l11

Arabia

507552634Analyzed
1v1 RM · 12d ago on Sep 18, 2026· 63m 43s· 2 players
Game mode
Random Map
Map size
Tiny (2 player)
Population
200
Speed
Normal
Resources
Standard
Victory
Conquest
Starting age
Dark Age
Ending age
Imperial Age
RankedLock teamsTeams togetherTeam positionsShared explorationLock speedFull tech treeHidden civsTurbo modeCheats
Victory
Defeat
🇨🇴 Lithuanians · Colombia
801
+16
🇺🇸 Spanish · United States
805
-16
JoNaThAn11l11
7:06 Loom
9:57 Feudal Age
10:53 Double-Bit Axe
17:00 Horse Collar
18:08 Wheelbarrow
22:43 Castle Age
20:45 Gold Mining
21:51 Bloodlines
21:54 Forging
21:51 Scale Barding Armor
25:52 Husbandry
26:16 Hand Cart
28:36 Bow Saw
29:18 Town Watch
29:40 Heavy Plow
30:16 Fervor
31:06 Iron Casting
30:42 Hill Forts
35:15 Murder Holes
36:06 Chain Barding Armor
39:29 Imperial Age
40:52 Plate Barding Armor
42:12 Sanctity
41:57 Tower Shields
42:45 Ballistics
43:27 Chemistry
42:25 Cavalier
43:58 Town Patrol
45:44 Stone Mining
46:00 Light Cavalry
47:47 Conscription
48:37 Paladin
52:06 Spies/Treason
tmkmbl
14:00 Feudal Age
12:15 Loom
20:17 Double-Bit Axe
20:13 Horse Collar
23:18 Castle Age
24:08 Fletching
25:39 Bow Saw
25:30 Heavy Plow
25:29 Bodkin Arrow
25:34 Padded Archer Armor
25:46 Scale Mail Armor
29:28 Gold Mining
31:33 Ballistics
32:07 Padded Archer Armor
33:24 Wheelbarrow
36:42 Pikeman
37:23 Squires
42:05 Imperial Age
43:24 Bracer
Connection lost

Rejoining the realm…

Still unreachable

The connection could not be restored.

Session expired

The server has moved on; the page needs a fresh start.